AoeStats
← DAN13L

Baltic

510454154Analyzed
2v2 RM · 2d ago on Oct 1, 2026· 36m 38s· 4 players
Game mode
Random Map
Map size
Medium (4 player)
Population
200
Speed
Normal
Resources
Standard
Victory
Conquest
Starting age
Dark Age
Ending age
Imperial Age
RankedLock teamsTeams togetherTeam positionsShared explorationLock speedFull tech treeHidden civsTurbo modeCheats
Victory
Defeat
🇺🇸 Khitans · United States
1142
+13
🇺🇸 Italians · United States
1097
+15
🇲🇽 Wei · Mexico
1073
-14
🇦🇷 Persians · Argentina
1073
-14
3ms
9:37 Feudal Age
10:12 Horse Collar
10:20 Double-Bit Axe
10:54 Loom
11:48 Wheelbarrow
19:11 Castle Age
17:23 Stone Mining
20:22 Bow Saw
20:18 Heavy Plow
24:25 Hand Cart
23:58 Town Watch
24:33 Gold Mining
28:47 Kamandaran
32:41 Fletching
32:52 Padded Archer Armor
32:21 Crossbowman
33:07 Thumb Ring
DAN13L
5:41 Loom
8:28 Feudal Age
9:04 Double-Bit Axe
19:44 Castle Age
19:30 Horse Collar
20:25 Forging
21:54 Bow Saw
25:34 Wheelbarrow
28:03 Fletching
29:42 Thumb Ring
31:53 Bodkin Arrow
32:35 Padded Archer Armor
34:29 Gold Mining
36:18 Elite Skirmisher
36:24 Pikeman
mcnitz
8:34 Loom
11:08 Feudal Age
12:02 Double-Bit Axe
12:09 Gold Mining
13:03 Forging
19:50 Castle Age
18:14 Fishing Lines
21:07 Scale Barding Armor
21:38 Iron Casting
21:05 Husbandry
21:31 Medium Warships
22:03 Bow Saw
26:01 Domestication
31:00 Wheelbarrow
33:05 Chain Barding Armor
35:17 Imperial Age
33:03 Devotion
35:20 Elite Steppe Lancer
37:12 Pastoralism
Gopherman77
8:14 Loom
11:23 Feudal Age
14:33 Wheelbarrow
15:33 Double-Bit Axe
17:17 Gold Mining
17:09 Horse Collar
17:21 Fishing Lines
20:30 Castle Age
20:34 Padded Archer Armor
20:25 Fletching
20:49 Stone Mining
22:05 Bodkin Arrow
22:26 Leather Archer Armor
21:35 Crossbowman
23:01 Gillnets
26:00 Hand Cart
27:42 Thumb Ring
28:55 Bow Saw
32:07 Imperial Age
31:02 Heavy Plow
34:10 Ring Archer Armor
33:40 Bracer
34:14 Ring Archer Armor
33:09 Arbalester
35:06 Capped Ram
Connection lost

Rejoining the realm…

Still unreachable

The connection could not be restored.

Session expired

The server has moved on; the page needs a fresh start.